| TOP OF THE 1ST |
|
Missoula Osprey batting - Pitching for Bristol Pirates : RHP Randy Nelligan
|
|
Pitching: RHP Randy Nelligan
|
|
|
Batting: RHB Hyeok Shon
|
0-0: Ball 1-0: Foul Ball, location: 2F 1-1: Ball 2-1: Ball 3-1: Base on Balls
|
|
Batting: RHB Orlando Florez
|
0-0: Ball 1-0: Ball 2-0: Called Strike Hyeok Shon steals 2nd base (no throw) 2-1: Ball 3-1: Foul Ball, location: 2F 3-2: Ground out 4-3 (Groundball, 4S, EV 81.2 MPH) Hyeok Shon to third
|
|
Batting: RHB Mike Swift
|
0-0: Ground out 6-3 (Groundball, 6, EV 88.8 MPH) Hyeok Shon scores
|
|
Batting: RHB D.J. Cooke
|
0-0: Ball 1-0: Fly out, F8 (Flyball, 8RD, EV 99.4 MPH)
|
| Top of the 1st over - 1 run, 0 hits, 0 errors, 0 left on base; Missoula 1 - Bristol 0 |
| BOTTOM OF THE 1ST |
|
Bristol Pirates batting - Pitching for Missoula Osprey : RHP Tom Moore
|
|
Pitching: RHP Tom Moore
|
|
|
Batting: SHB Don Hauk
|
0-0: Reached on error, E5 (Groundball, 56, EV 106.2 MPH)
|
|
Batting: LHB Randy Boone
|
0-0: Ball 1-0: Foul Ball, location: 2F 1-1: Ball 2-1: Foul Ball, location: 2F 2-2: Foul Ball, location: 2F 2-2: SINGLE (Groundball, 34D, EV 103.8 MPH) Don Hauk to third
|
|
Batting: RHB Randy Bergman
|
0-0: Ball 1-0: Ball 2-0: Fly out, F8 (Flyball, 8RM, EV 93.8 MPH)
|
|
Batting: RHB Gilberto Victoria
|
0-0: Grounds into double play, 5-4-3 (Groundball, 56, EV 80.0 MPH)
|
| Bottom of the 1st over - 0 runs, 1 hit, 1 error, 1 left on base; Missoula 1 - Bristol 0 |
| TOP OF THE 2ND |
|
Missoula Osprey batting - Pitching for Bristol Pirates : RHP Randy Nelligan
|
|
Batting: LHB Dallas Kelly
|
0-0: Ball 1-0: Called Strike 1-1: SINGLE (Groundball, 4MD, EV 97.5 MPH)
|
|
Batting: LHB Josh Thomas
|
0-0: DOUBLE (Line Drive, 9LS, EV 93.8 MPH) Dallas Kelly to third Runner from 3rd tries for Home, SAFE, throw by RF to trailing runner, OUT at third! 9-3-5
|
|
Batting: RHB Edwin Romero
|
0-0: SOLO HOME RUN (Flyball, 78XD, EV 99.4 MPH), Distance : 414 ft
|
|
Batting: SHB Ethan Newby
|
0-0: Called Strike 0-1: Ground out 5-3 (Groundball, 5, EV 84.4 MPH)
|
|
Batting: RHB Matt Bailey
|
0-0: Ball 1-0: Ball 2-0: Ground out 6-3 (Groundball, 6, EV 87.5 MPH)
|
| Top of the 2nd over - 2 runs, 3 hits, 0 errors, 0 left on base; Missoula 3 - Bristol 0 |
| BOTTOM OF THE 2ND |
|
Bristol Pirates batting - Pitching for Missoula Osprey : RHP Tom Moore
|
|
Batting: RHB Alain Marquet
|
0-0: Called Strike 0-1: Ball 1-1: Ball 2-1: Ball 3-1: Foul Ball, location: 2F 3-2: Base on Balls
|
|
Batting: SHB Ronnie Brooks
|
0-0: Called Strike 0-1: Swinging Strike 0-2: Strikes out swinging
|
|
Batting: RHB Andrew DeRicco
|
0-0: Ball 1-0: Foul Ball, location: 2F 1-1: Called Strike 1-2: Fly out, F7 (Line Drive, 7LM, EV 94.4 MPH)
|
|
Batting: RHB Rob Colley
|
0-0: Ball 1-0: Ball Passed Ball! Alain Marquet to second 2-0: SINGLE (Line Drive, 78M, EV 101.2 MPH) Alain Marquet to third Runner from 3rd tries for Home, SAFE, throw by LF to home
|
|
Batting: RHB Erik Mulligan
|
0-0: Called Strike 0-1: Fly out, F8 (Flyball, 8RM, EV 87.5 MPH)
|
| Bottom of the 2nd over - 1 run, 1 hit, 0 errors, 1 left on base; Missoula 3 - Bristol 1 |
| TOP OF THE 3RD |
|
Missoula Osprey batting - Pitching for Bristol Pirates : RHP Randy Nelligan
|
|
Batting: RHB Hyeok Shon
|
0-0: Swinging Strike 0-1: Ball 1-1: Foul Ball, location: 2F 1-2: Foul Ball, location: 2F 1-2: Ground out 6-3 (Groundball, 6, EV 83.1 MPH)
|
|
Batting: RHB Orlando Florez
|
0-0: Ball 1-0: Ball 2-0: Ball 3-0: Called Strike 3-1: SINGLE (Groundball, 56D, EV 95.0 MPH)
|
|
Batting: RHB Mike Swift
|
0-0: Fly out, F8 (Flyball, 8LM, EV 86.9 MPH)
|
|
Batting: RHB D.J. Cooke
|
0-0: Swinging Strike 0-1: Swinging Strike 0-2: Strikes out swinging
|
| Top of the 3rd over - 0 runs, 1 hit, 0 errors, 1 left on base; Missoula 3 - Bristol 1 |
| BOTTOM OF THE 3RD |
|
Bristol Pirates batting - Pitching for Missoula Osprey : RHP Tom Moore
|
|
Batting: SHB Don Hauk
|
0-0: Ball 1-0: Called Strike 1-1: Ball 2-1: Swinging Strike 2-2: Foul Ball, location: 2F 2-2: Ball 3-2: Ground out 6-3 (Groundball, 6M, EV 87.5 MPH)
|
|
Batting: LHB Randy Boone
|
0-0: Ball 1-0: Foul Ball, location: 2F 1-1: Foul Ball, location: 2F 1-2: SINGLE (Groundball, 6D, EV 96.2 MPH)
|
|
Batting: RHB Randy Bergman
|
0-0: Ball 1-0: Fly out, F8 (Line Drive, 78M, EV 95.0 MPH)
|
|
Batting: RHB Gilberto Victoria
|
0-0: Fielders Choice at 2nd, 6-4 (Groundball, 6, EV 78.8 MPH)
|
| Bottom of the 3rd over - 0 runs, 1 hit, 0 errors, 1 left on base; Missoula 3 - Bristol 1 |
| TOP OF THE 4TH |
|
Missoula Osprey batting - Pitching for Bristol Pirates : RHP Randy Nelligan
|
|
Batting: LHB Dallas Kelly
|
0-0: Ball 1-0: Ball 2-0: Swinging Strike 2-1: Called Strike 2-2: Strikes out swinging
|
|
Batting: LHB Josh Thomas
|
0-0: Ball 1-0: Ball 2-0: Ball 3-0: Base on Balls
|
|
Batting: RHB Edwin Romero
|
0-0: Called Strike 0-1: SINGLE (Groundball, 56D, EV 101.9 MPH) Josh Thomas to second
|
|
Batting: SHB Ethan Newby
|
0-0: Called Strike 0-1: Ball 1-1: Foul Ball, location: 2F 1-2: Strikes out looking
|
|
Batting: RHB Matt Bailey
|
0-0: Foul Ball, location: 2F 0-1: Foul Ball, location: 2F 0-2: Ball 1-2: Ball 2-2: Fly out, F9 (Flyball, 9, EV 83.8 MPH)
|
| Top of the 4th over - 0 runs, 1 hit, 0 errors, 2 left on base; Missoula 3 - Bristol 1 |
| BOTTOM OF THE 4TH |
|
Bristol Pirates batting - Pitching for Missoula Osprey : RHP Tom Moore
|
|
Batting: RHB Alain Marquet
|
0-0: Swinging Strike 0-1: Ball 1-1: SINGLE (Groundball, 56D, EV 95.0 MPH)
|
|
Batting: SHB Ronnie Brooks
|
0-0: Fly out, F8 (Line Drive, 8RM, EV 91.2 MPH)
|
|
Batting: RHB Andrew DeRicco
|
0-0: Called Strike 0-1: Foul Ball, location: 2F 0-2: Ball 1-2: Strikes out swinging
|
|
Batting: RHB Rob Colley
|
0-0: Ball 1-0: DOUBLE (Groundball, 3L, EV 101.9 MPH) Alain Marquet to third
|
|
Batting: RHB Erik Mulligan
|
0-0: Called Strike 0-1: Swinging Strike 0-2: Ball 1-2: Foul Ball, location: 2F 1-2: 3-RUN HOME RUN (Flyball, 78XD, EV 101.2 MPH), Distance : 399 ft
|
|
Batting: SHB Don Hauk
|
0-0: Called Strike 0-1: Ball 1-1: Ball 2-1: Ball 3-1: Foul Ball, location: 2F 3-2: Ground out U3 (Groundball, 3L, EV 87.5 MPH)
|
| Bottom of the 4th over - 3 runs, 3 hits, 0 errors, 0 left on base; Missoula 3 - Bristol 4 |
| TOP OF THE 5TH |
|
Missoula Osprey batting - Pitching for Bristol Pirates : RHP Randy Nelligan
|
|
Batting: RHB Hyeok Shon
|
0-0: Foul Ball, location: 2F 0-1: Ball 1-1: Called Strike 1-2: Ball 2-2: Ground out 5-3 (Groundball, 5, EV 83.1 MPH)
|
|
Batting: RHB Orlando Florez
|
0-0: Ball 1-0: Called Strike 1-1: Ground out 1-3 (Groundball, 15S, EV 71.2 MPH)
|
|
Batting: RHB Mike Swift
|
0-0: Called Strike 0-1: Ball 1-1: Called Strike 1-2: Ball 2-2: Ball 3-2: Foul Ball, location: 2F 3-2: Base on Balls
|
|
Batting: RHB D.J. Cooke
|
0-0: Ball 1-0: Swinging Strike 1-1: Swinging Strike 1-2: Ball 2-2: Foul Ball, location: 2F 2-2: Ball 3-2: Strikes out swinging
|
| Top of the 5th over - 0 runs, 0 hits, 0 errors, 1 left on base; Missoula 3 - Bristol 4 |
| BOTTOM OF THE 5TH |
|
Bristol Pirates batting - Pitching for Missoula Osprey : RHP Tom Moore
|
|
Batting: LHB Randy Boone
|
0-0: Ball 1-0: Foul Ball, location: 2F 1-1: Ground out U3 (Groundball, 3, EV 84.4 MPH)
|
|
Batting: RHB Randy Bergman
|
0-0: Called Strike 0-1: Ball 1-1: SOLO HOME RUN (Flyball, 9D, EV 95.0 MPH), Distance : 353 ft
|
|
Batting: RHB Gilberto Victoria
|
0-0: Ball 1-0: Ground out 4-3 (Groundball, P, EV 84.4 MPH)
|
|
Batting: RHB Alain Marquet
|
0-0: Ball 1-0: Ball 2-0: Ground out 3-1 (Groundball, 13, EV 86.2 MPH)
|
| Bottom of the 5th over - 1 run, 1 hit, 0 errors, 0 left on base; Missoula 3 - Bristol 5 |
| TOP OF THE 6TH |
|
Missoula Osprey batting - Pitching for Bristol Pirates : RHP Randy Nelligan
|
|
Batting: LHB Dallas Kelly
|
0-0: Fly out, F9 (Flyball, 89D, EV 98.1 MPH)
|
|
Batting: LHB Josh Thomas
|
0-0: SINGLE (Groundball, 6M, EV 105.0 MPH)
|
|
Batting: RHB Edwin Romero
|
0-0: Called Strike 0-1: Fielders Choice at 2nd, 6-4 (Groundball, 6, EV 104.4 MPH)
|
|
Batting: SHB Ethan Newby
|
0-0: Ball 1-0: Fly out, F9 (Flyball, 9LD, EV 97.5 MPH)
|
| Top of the 6th over - 0 runs, 1 hit, 0 errors, 1 left on base; Missoula 3 - Bristol 5 |
| BOTTOM OF THE 6TH |
|
Bristol Pirates batting - Pitching for Missoula Osprey : RHP Tom Moore
|
|
Batting: SHB Ronnie Brooks
|
0-0: Ball 1-0: Ball 2-0: Ball 3-0: Base on Balls
|
|
Batting: RHB Andrew DeRicco
|
0-0: Ball 1-0: SINGLE (Groundball, 6MD, EV 94.4 MPH) Ronnie Brooks to second
|
|
Batting: RHB Rob Colley
|
0-0: Swinging Strike 0-1: Ball 1-1: Ball 2-1: Called Strike 2-2: Ball 3-2: Foul Ball, location: 2F 3-2: Foul Ball, location: 2F 3-2: Foul Ball, location: 2F 3-2: Base on Balls Ronnie Brooks to third Andrew DeRicco to second
|
|
Batting: RHB Erik Mulligan
|
0-0: Ball 1-0: Fielders Choice at 2nd, 4-6 (Groundball, 4, EV 82.5 MPH) Ronnie Brooks scores Andrew DeRicco to third
|
|
Batting: SHB Don Hauk
|
0-0: Ball 1-0: Ball 2-0: Ball 3-0: Base on Balls Erik Mulligan to second
|
|
Batting: LHB Randy Boone
|
0-0: Ball 1-0: Swinging Strike 1-1: Ball 2-1: Foul Ball, location: 2F 2-2: Strikes out swinging
|
|
Pitching: RHP Ramiz JambakurIan
|
|
|
Batting: RHB Randy Bergman
|
0-0: Swinging Strike 0-1: Ball 1-1: Swinging Strike 1-2: Foul Ball, location: 2F 1-2: Strikes out swinging
|
| Bottom of the 6th over - 1 run, 1 hit, 0 errors, 3 left on base; Missoula 3 - Bristol 6 |
| TOP OF THE 7TH |
|
Missoula Osprey batting - Pitching for Bristol Pirates : RHP Randy Nelligan
|
|
Batting: RHB Matt Bailey
|
0-0: Ball 1-0: Fly out, F4 (Line Drive, 4, EV 68.1 MPH)
|
|
Batting: RHB Hyeok Shon
|
0-0: Swinging Strike 0-1: Swinging Strike 0-2: Ball 1-2: Strikes out swinging
|
|
Batting: RHB Orlando Florez
|
0-0: Ball 1-0: Ball 2-0: Foul Ball, location: 2F 2-1: Ball 3-1: Foul Ball, location: 2F 3-2: Strikes out swinging
|
| Top of the 7th over - 0 runs, 0 hits, 0 errors, 0 left on base; Missoula 3 - Bristol 6 |
| BOTTOM OF THE 7TH |
|
Bristol Pirates batting - Pitching for Missoula Osprey : RHP Ramiz JambakurIan
|
|
Batting: RHB Gilberto Victoria
|
0-0: Ball 1-0: SINGLE (Groundball, 6M, EV 96.9 MPH)
|
|
Batting: RHB Alain Marquet
|
0-0: Foul Ball, location: 2F 0-1: Foul Ball, location: 2F 0-2: DOUBLE (Flyball, 89D, EV 106.2 MPH) Gilberto Victoria to third
|
|
Batting: SHB Ronnie Brooks
|
0-0: Ball 1-0: Ball 2-0: Ball 3-0: Base on Balls
|
|
Batting: RHB Andrew DeRicco
|
0-0: Ball 1-0: Foul Ball, location: 2F 1-1: Foul Ball, location: 2F 1-2: Strikes out looking
|
|
Batting: RHB Rob Colley
|
0-0: Called Strike 0-1: Swinging Strike 0-2: Strikes out looking
|
|
Batting: RHB Erik Mulligan
|
0-0: Foul Ball, location: 2F 0-1: Ball 1-1: Fly out, F9 (Flyball, 9LD, EV 96.2 MPH)
|
| Bottom of the 7th over - 0 runs, 2 hits, 0 errors, 3 left on base; Missoula 3 - Bristol 6 |
| TOP OF THE 8TH |
|
Missoula Osprey batting - Pitching for Bristol Pirates : RHP Randy Nelligan
|
|
Batting: RHB Mike Swift
|
0-0: Ball 1-0: Ball 2-0: Ball 3-0: Called Strike 3-1: Foul Ball, location: 2F 3-2: SINGLE (Groundball, 56D, EV 103.1 MPH)
|
|
Pitching: RHP Onne Stubbe
|
|
|
Batting: RHB D.J. Cooke
|
0-0: Ball 1-0: Foul Ball, location: 2F 1-1: Ball 2-1: Ball 3-1: SINGLE (Line Drive, 6M, EV 98.1 MPH) Mike Swift to second
|
|
Batting: LHB Dallas Kelly
|
0-0: Ball 1-0: Ball 2-0: SINGLE (Groundball, 34D, EV 99.4 MPH) Mike Swift to third D.J. Cooke to second
|
|
Batting: LHB Josh Thomas
|
0-0: Ball 1-0: Ball 2-0: Ball 3-0: Called Strike 3-1: Base on Balls Mike Swift scores D.J. Cooke to third Dallas Kelly to second
|
|
Batting: RHB Edwin Romero
|
0-0: Ball 1-0: Called Strike 1-1: Foul Ball, location: 2F 1-2: Ball 2-2: Ball 3-2: Foul Ball, location: 2F 3-2: Base on Balls D.J. Cooke scores Dallas Kelly to third Josh Thomas to second
|
|
Batting: SHB Ethan Newby
|
0-0: Fly out, F5 (Popup, 25F, EV 78.1 MPH)
|
|
Batting: RHB Matt Bailey
|
0-0: Called Strike 0-1: Ball 1-1: Ball Wild Pitch! Dallas Kelly scores Josh Thomas to third Edwin Romero to second 2-1: 3-RUN HOME RUN (Flyball, 7D, EV 101.9 MPH), Distance : 375 ft
|
|
Batting: RHB Hyeok Shon
|
0-0: SINGLE (Line Drive, 8RS, EV 91.2 MPH)
|
|
Batting: RHB Orlando Florez
|
0-0: Ball Hyeok Shon steals 2nd, throwing error, E2 Hyeok Shon to third 1-0: Fly out, F8 (Flyball, 8LD, EV 80.0 MPH) Runner from 3rd tags up, SCORES, throw by CF
|
|
Batting: RHB Mike Swift
|
0-0: Ball 1-0: Ball 2-0: Called Strike 2-1: Ball 3-1: Swinging Strike 3-2: Foul Ball, location: 2F 3-2: SOLO HOME RUN (Flyball, 9D, EV 93.1 MPH), Distance : 357 ft
|
|
Batting: RHB D.J. Cooke
|
0-0: Ball 1-0: Foul Ball, location: 2F 1-1: Called Strike 1-2: Ball 2-2: SINGLE (Line Drive, 56, EV 97.5 MPH)
|
|
Batting: LHB Dallas Kelly
|
0-0: Called Strike D.J. Cooke steals 2nd base 0-1: Foul Ball, location: 2F 0-2: Ball 1-2: Ball 2-2: Ball 3-2: Base on Balls
|
|
Batting: LHB Josh Thomas
|
0-0: Ball 1-0: Swinging Strike 1-1: Foul Ball, location: 2F 1-2: Ground out 4-3 (Groundball, 4, EV 91.2 MPH)
|
| Top of the 8th over - 8 runs, 7 hits, 1 error, 2 left on base; Missoula 11 - Bristol 6 |
| BOTTOM OF THE 8TH |
|
Bristol Pirates batting - Pitching for Missoula Osprey : RHP Ramiz JambakurIan
|
|
Batting: SHB Don Hauk
|
0-0: Ball 1-0: Foul Ball, location: 2F 1-1: Foul Ball, location: 2F 1-2: Ball 2-2: Foul Ball, location: 2F 2-2: Ball 3-2: Foul Ball, location: 2F 3-2: Base on Balls
|
|
Pitching: RHP Victor Cisneros
|
|
|
Batting: LHB Randy Boone
|
0-0: Ball 1-0: Swinging Strike 1-1: Ball 2-1: Fly out, F8 (Line Drive, 8RD, EV 88.8 MPH)
|
|
Batting: RHB Randy Bergman
|
0-0: Fly out, F7 (Flyball, 78S, EV 73.1 MPH)
|
|
Batting: RHB Gilberto Victoria
|
0-0: Ball 1-0: Ball 2-0: Called Strike 2-1: Ball 3-1: 2-RUN HOME RUN (Line Drive, 7D, EV 103.1 MPH), Distance : 407 ft
|
|
Batting: RHB Alain Marquet
|
0-0: Ball 1-0: Ball 2-0: Called Strike 2-1: Ground out 6-3 (Groundball, 6, EV 87.5 MPH)
|
| Bottom of the 8th over - 2 runs, 1 hit, 0 errors, 0 left on base; Missoula 11 - Bristol 8 |
| TOP OF THE 9TH |
|
Missoula Osprey batting - Pitching for Bristol Pirates : RHP Onne Stubbe
|
|
Batting: RHB Edwin Romero
|
0-0: Ball 1-0: Called Strike 1-1: Hit by Pitch
|
|
Batting: SHB Ethan Newby
|
0-0: Called Strike 0-1: Ball 1-1: Foul Ball, location: 2F 1-2: 2-RUN HOME RUN (Flyball, 9D, EV 96.2 MPH), Distance : 351 ft
|
|
Pitching: LHP Adam Clarke
|
|
|
Batting: RHB Matt Bailey
|
0-0: Ground out 1-3 (Groundball, 23, EV 68.8 MPH)
|
|
Batting: RHB Hyeok Shon
|
0-0: Called Strike 0-1: Foul Ball, location: 2F 0-2: Foul Ball, location: 2F 0-2: Ball 1-2: Ball 2-2: Ball 3-2: Foul Ball, location: 2F 3-2: Base on Balls
|
|
Batting: RHB Orlando Florez
|
0-0: Ball 1-0: Foul Ball, location: 2F 1-1: Ball Wild Pitch! Hyeok Shon to second 2-1: Ground out 6-3 (Groundball, 6, EV 90.6 MPH) Hyeok Shon to third
|
|
Batting: RHB Mike Swift
|
0-0: Ball 1-0: Swinging Strike 1-1: Swinging Strike 1-2: Ball 2-2: SINGLE (Groundball, 4MD, EV 98.8 MPH) Hyeok Shon scores
|
|
Batting: RHB D.J. Cooke
|
0-0: Swinging Strike 0-1: Swinging Strike 0-2: Foul Ball, location: 2F 0-2: Ball 1-2: Ball 2-2: Strikes out swinging
|
| Top of the 9th over - 3 runs, 2 hits, 0 errors, 1 left on base; Missoula 14 - Bristol 8 |
| BOTTOM OF THE 9TH |
|
Bristol Pirates batting - Pitching for Missoula Osprey : RHP Victor Cisneros
|
|
Batting: SHB Ronnie Brooks
|
0-0: SINGLE (Groundball, 4M, EV 87.5 MPH) (infield hit)
|
|
Batting: RHB Andrew DeRicco
|
0-0: Called Strike 0-1: Ball 1-1: Ball 2-1: Foul Ball, location: 2F 2-2: Ball 3-2: Base on Balls Ronnie Brooks to second
|
|
Batting: RHB Rob Colley
|
0-0: SINGLE (Groundball, 34D, EV 96.9 MPH) Ronnie Brooks to third Andrew DeRicco to second
|
|
Batting: RHB Erik Mulligan
|
0-0: Ball 1-0: Ball 2-0: Ball 3-0: Base on Balls Ronnie Brooks scores Andrew DeRicco to third Rob Colley to second
|
|
Pitching: LHP Cory Youngquist
|
|
|
Batting: SHB Don Hauk
|
0-0: Foul Ball, location: 2F 0-1: Fly out, F8 (Line Drive, 78D, EV 105.6 MPH) Runner from 3rd tags up, SCORES, no throw by CF
|
|
Batting: LHB Randy Boone
|
0-0: Called Strike 0-1: Swinging Strike 0-2: Ball 1-2: Ground out 6-3 (Groundball, 6M, EV 91.2 MPH) Rob Colley to third Erik Mulligan to second
|
|
Batting: RHB Randy Bergman
|
0-0: Called Strike 0-1: Ball 1-1: Ball 2-1: Ball 3-1: Base on Balls
|
|
Batting: RHB Gilberto Victoria
|
0-0: Ground out 1-3 (Groundball, 15S, EV 71.9 MPH)
|
| Bottom of the 9th over - 2 runs, 2 hits, 0 errors, 3 left on base; Missoula 14 - Bristol 10 |
|